 Dungeon Crawl Stone Soup version 0.32-a0-520-g344ed53f66 (webtiles) character file.

Game seed: 6254146035860616158

68 runemasterragnar the Shooter (level 4, -2/34 HPs)
             Began as a Coglin Hunter on Feb 27, 2024.
             Slain by a gnoll
             ... wielding a +0 flail
              (3 damage)
             ... on level 2 of the Dungeon.
             The game lasted 00:01:41 (1619 turns).

runemasterragnar the Shooter (Coglin Hunter)        Turns: 1619, Time: 00:01:42

Health: -2/34      AC:  5    Str: 10 (11) XL:     4   Next: 19%
Magic:  4/4        EV: 11    Int:  6 (9)  God:
Gold:   125        SH:  0    Dex: 16 (19) Spells: 3/3 levels left

rFire   . . .        a - +0 shortbow {Fernanda}
rCold   . . .        (shield currently unavailable)
rNeg    . . .        c - +0 leather armour
rPois   .            h - +2 hat
rElec   .            (no cloak)
rCorr   .            (no gloves)
SInv    .            (no boots)
Will    .....        (no amulet)
Stlth   +            (ring unavailable)
HPRegen 0.25/turn    (ring unavailable)
MPRegen 0.09/turn

%: no passive effects
@: revving
A: off-hand wielding, slow wielding, warmup strikes, no rings
a: no special abilities


You were on level 2 of the Dungeon.
You visited 1 branch of the dungeon, and saw 2 of its levels.

You collected 125 gold pieces.

Inventory:

Hand Weapons
 a - a +0 shortbow (weapon) {Fernanda}
Armour
 c - a +0 leather armour (worn)
 h - a +2 hat (worn)
Jewellery
 i - an amulet of faith
 n - an amulet of magic regeneration
Scrolls
 b - a scroll of butterflies
 e - 5 scrolls of identify {unknown}
 f - a scroll of teleportation {unknown}
 g - a scroll of amnesia {unknown}
 j - a scroll of poison {unknown}
 k - a scroll of enchant armour {unknown}
 l - a scroll of immolation {unknown}
Potions
 d - a potion of degeneration
 m - a potion of heal wounds {unknown}


   Skills:
 + Level 2.9 Fighting
 * Level 4.6 Ranged Weapons
 - Level 1.7 Dodging
 - Level 0.7 Stealth


You had 3 spell levels left.
You didn't know any spells.
Your spell library contained the following spells:

 Spells                   Type           Power      Damage    Failure   Level
 Call Canine Familiar     Summ           0%         N/A       90%         3
 Inner Flame              Hex/Fire       0%         N/A       90%         3
 Sigil of Binding         Hex            0%         N/A       90%         3
 Dimensional Bullseye     Hex/Tloc       0%         N/A       100%        4
 Irradiate                Conj/Alch      0%         3d11      100%        5
 Ignition                 Fire           0%         3d3       100%        8


Dungeon Overview and Level Annotations

Branches:
Dungeon (2/15)

Altars:


Innate Abilities, Weirdness & Mutations

You can wield a second weapon in your off-hand.
It takes a long time for you to wield or remove held weapons.
Your first few attacks do less damage.
Your grasper-arms cannot wear rings.


Message History

The gnoll hits you with a +0 whip.
You shoot an arrow. The arrow closely misses the gnoll.
The gnoll hits you but does no damage. The gnoll barely misses you.
Unknown command.
The gnoll attacks as it pursues you! The gnoll barely misses you.
The gnoll closely misses you. The gnoll attacks as it pursues you!
The gnoll barely misses you. The gnoll barely misses you.
The gnoll hits you but does no damage. The gnoll attacks as it pursues you!
The gnoll misses you. The gnoll attacks as it pursues you!
The gnoll hits you with a +0 flail. The gnoll attacks as it pursues you!
The gnoll hits you but does no damage. The gnoll attacks as it pursues you!
The gnoll barely misses you. The gnoll attacks as it pursues you!
The gnoll hits you with a +0 flail! The gnoll attacks as it pursues you!
The gnoll barely misses you.
You see here a frilled lizard skeleton.
Things that are here:
a +0 dagger; a +0 club The gnoll attacks as it pursues you!
The gnoll hits you with a +0 flail.
* * * LOW HITPOINT WARNING * * *
The gnoll attacks as it pursues you! The gnoll hits you but does no damage.
You shoot an arrow. The arrow barely misses the gnoll. x2
The arrow hits the gnoll!
The gnoll is heavily wounded.
The gnoll misses you.
You shoot an arrow. The arrow hits the gnoll.
The gnoll is moderately wounded.
The gnoll hits you with a +0 flail.
* * * LOW HITPOINT WARNING * * *
You shoot an arrow. The arrow barely misses the gnoll.
The arrow hits the gnoll.
You kill the gnoll!
The gnoll hits you with a +0 flail.
* * * LOW HITPOINT WARNING * * *
Unknown command.
It was a potion of degeneration.
There was something very wrong with that liquid.
You feel weakened.
You feel dopey.
You feel clumsy. The gnoll hits you with a +0 flail.
You die...

#####........# ##############.##
.............############......#
.............).........##......#
......###..............##......##
......# #...#..........##........
......# #...#..........#########.
......# #.<.#..........# ##
......# #...####'####### #
......# #...# #@# #########
......# #...# #g# #.......#
......# #...# #g########.......#
####### #...####)................
####......รทรท...............#
####..........................#
........................#####.#
........................# #..
P..PP...................# #####


You could see 2 gnolls.

Vanquished Creatures
  A gnoll (D:2)
  An adder (D:2)
  4 dart slugs
  2 ball pythons
  An endoplasm (D:2)
  3 giant cockroaches (D:1)
  4 goblins
  4 jackals (D:1)
  A kobold (D:1)
  3 quokkas (D:1)
  4 bats
  4 frilled lizards
  8 rats
40 creatures vanquished.

Notes
Turn   | Place    | Note
-------+----------+-------------------------------------------
     0 | D:1      | runemasterragnar the Coglin Hunter began the quest for the
                  | Orb.
     0 | D:1      | Reached XP level 1. HP: 16/16 MP: 1/1
   156 | D:1      | Reached XP level 2. HP: 9/22 MP: 2/2
   333 | D:1      | Reached skill level 4 in Ranged Weapons
   464 | D:1      | Reached XP level 3. HP: 28/28 MP: 3/3
  1011 | D:2      | Found a faded altar of an unknown god.
  1548 | D:2      | Reached XP level 4. HP: 34/34 MP: 4/4
  1618 | D:2      | HP: 1/34 [gnoll/+0 flail (5)]
  1619 | D:2      | Slain by a gnoll

Illustrated notes

Levels and vault maps discovered:
D:1:      dpeg_arrival_triangle_fractal, layout_basic, minmay_stone_trees_medium
D:2:      layout_basic, chequers_ecumenical_altar_island,
          grunt_decor_resistance, nicolae_grassy_gnolls

Skill      XL: |  1  2 |
---------------+-------+-----
Ranged Weapons | 4 |  4.6
Fighting       | |  2.9
Dodging        | |  1.7
Stealth        | |  0.7

Action                     |  1- 3 |  4- 6 || total
---------------------------+-------+-------++-------
   Fire: Shortbow          |   119 |    10 ||   129
    Use: Potion            |       |     1 ||     1
 Armour: Leather armour    |    35 |    13 ||    48
  Dodge: Dodged            |    39 |    11 ||    50
         Repelled          |     2 |       ||     2

Table legend: (Time is in decaauts)
 A = Elapsed time spent in this place.
 B = Non-inter-level travel time spent in this place.
 C = Inter-level travel time spent in this place.
 D = Time resting spent in this place.
 E = Time spent auto-exploring this place.
 F = Levels seen in this place.
 G = Mean time per level.
                   A        B        C        D        E       F      G
               +--------+--------+--------+--------+--------+-----+--------+
         Total |   1658 |   1597 |     61 |    153 |   1125 |   2 |  829.0 |
       Dungeon |   1658 |   1597 |     61 |    153 |   1125 |   2 |  829.0 |
               +--------+--------+--------+--------+--------+-----+--------+

Top non-repeatable levels by time:
     D:1: 1020 daAuts
     D:2: 637 daAuts
